 Dungeon Crawl Stone Soup version 0.22-a0-558-gc2241811a9 (webtiles) character file.

845 Kholdaimon the Shield-Bearer (level 7, -12/62 HPs)
             Began as a Minotaur Fighter on June 27, 2018.
             Mangled by an ogre
             ... wielding a +0 giant club
              (24 damage)
             ... on level 5 of the Dungeon.
             The game lasted 00:19:42 (4265 turns).

Kholdaimon the Shield-Bearer (Minotaur Fighter)     Turns: 4265, Time: 00:19:42

Health: -12/62     AC: 12    Str: 20    XL:     7   Next: 68%
Magic:  6/6        EV:  5    Int:  7    God:
Gold:   167        SH: 15    Dex: 10    Spells: 6/6 levels left

rFire    . . .     SeeInvis .   a - +1 war axe
rCold    . . .     Gourm    .   s - +0 large shield
rNeg     . . .     Faith    .   x - +0 plate armour
rPois    +         Spirit   .   (helmet restricted)
rElec    .         Reflect  .   (no cloak)
rCorr    .         Harm     .   (no gloves)
MR       .....                  (no boots)
Stlth    ..........             (no amulet)
HPRegen  0.20/turn              w - +3 ring of evasion
MPRegen  0.10/turn              y - ring of poison resistance

@: no status effects
A: retaliatory headbutt, horns 2
a: no special abilities


You were on level 5 of the Dungeon.
You were not hungry.

You visited 1 branch of the dungeon, and saw 5 of its levels.

You collected 239 gold pieces.
You spent 72 gold pieces at shops.

Inventory:

Hand Weapons
 a - a +1 war axe (weapon)
 A - a +4 mace
 C - a +0 blowgun
 G - a +0 hunting sling
Missiles
 p - 11 tomahawks (quivered)
 q - 209 stones
 r - 27 sling bullets
 D - 14 poisoned needles
 E - a throwing net
Armour
 b - a +0 scale mail
 c - a +1 shield
 s - a +0 large shield (worn)
 x - a +0 plate armour (worn)
Jewellery
 u - an uncursed amulet of rage
 w - a +3 ring of evasion (left hand)
 y - a ring of poison resistance (right hand)
Scrolls
 h - 2 scrolls of enchant weapon
 i - a scroll of fear
 n - 3 scrolls of remove curse
 o - 2 scrolls of blinking {unknown}
 t - 2 scrolls of immolation {unknown}
Potions
 d - 3 potions of might
 e - 3 potions of heal wounds
 g - a potion of magic {unknown}
 j - 3 potions of curing
 k - 2 potions of invisibility
 l - a potion of mutation {unknown}
 m - a potion of brilliance {unknown}
 v - 2 potions of lignification
 z - 2 potions of agility {unknown}
 F - a potion of haste {unknown}
Comestibles
 f - 10 rations


   Skills:
 + Level 5.7 Fighting
 * Level 6.3 Axes
 + Level 5.6 Armour
 * Level 6.9 Shields


You had 6 spell levels left.
You didn't know any spells.
Your spell library was empty.

Dungeon Overview and Level Annotations

Branches:
Dungeon (5/15)
 Temple: D:4-7

Altars:
Dithmenos
Zin

Shops:
D:4 *[


Innate Abilities, Weirdness & Mutations

You reflexively headbutt those who attack you in melee.
You have a pair of horns on your head.


Message History

You slash the ogre! The ogre hits you with a giant club!!
You are too injured to fight recklessly!
You are too injured to fight recklessly!
You are too injured to fight recklessly!
You are too injured to fight recklessly!
You are too injured to fight recklessly!
You hit the ogre. You headbutt the ogre.
The ogre is almost dead.
The ogre hits you with a giant club!
* * * LOW HITPOINT WARNING * * *
You block the ogre's attack.
You closely miss the ogre. Your headbutt misses the ogre.
The ogre is almost dead.
You closely miss the ogre.
The ogre is almost dead.
You block the ogre's attack.
Your shield and plate armour prevent you from hitting the ogre.
The ogre is almost dead.
You block the ogre's attack. The ogre hits you with a giant club!!
You die...

.. #....# .#
#....##.### #.###
#...# . ###.# #.# .
#.# (..#######/###
#.......##...######
#.(@..........#
......O...##....<.#
######............#
####.........#
###.......#
#.#.....# #.#######
#.. ##


You could see an ogre.

Vanquished Creatures
  An orc warrior (D:4)
  2 ogres (D:4)
  A bullfrog (D:4)
  A scorpion (D:4)
  3 wights (D:3)
  A crimson imp (D:5)
  2 iguanas
  3 worker ants
  4 gnolls (D:4)
  6 adders
  2 adder skeletons (D:4)
  2 worms
  2 dart slugs
  A leopard gecko (D:1)
  9 orcs
  7 bats
  2 giant cockroaches
  8 goblins
  2 hobgoblins
  13 jackals
  3 kobolds
  3 quokkas
  4 frilled lizards
  3 rats
85 creatures vanquished.

Notes
Turn   | Place    | Note
-------+----------+-------------------------------------------
     0 | D:1      | Kholdaimon the Minotaur Fighter began the quest for the Orb.
     0 | D:1      | Reached XP level 1. HP: 19/19 MP: 0/0
   136 | D:1      | Reached XP level 2. HP: 27/27 MP: 1/1
   464 | D:2      | Reached XP level 3. HP: 17/33 MP: 2/2
  1003 | D:2      | Found a shadowy altar of Dithmenos.
  1269 | D:3      | Reached XP level 4. HP: 33/40 MP: 3/3
  1713 | D:3      | Reached XP level 5. HP: 36/47 MP: 4/4
  1720 | D:3      | Reached skill level 5 in Shields
  2348 | D:3      | Found a glowing silver altar of Zin.
  2348 | D:3      | Noticed an angel
  2523 | D:4      | Found Zietras's General Store.
  2528 | D:4      | Bought a potion of curing for 36 gold pieces
  2528 | D:4      | Bought a potion of lignification for 36 gold pieces
  2605 | D:4      | Reached XP level 6. HP: 52/55 MP: 5/5
  2652 | D:4      | Reached skill level 5 in Fighting
  2652 | D:4      | Reached skill level 5 in Axes
  2652 | D:4      | Reached skill level 5 in Armour
  2852 | D:4      | Noticed an orc warrior
  2881 | D:4      | Killed an orc warrior
  3272 | D:4      | Reached XP level 7. HP: 58/61 MP: 6/6
  3381 | D:4      | Found Moqoes's Armour Emporium.
  4132 | D:5      | Entered Level 5 of the Dungeon
  4265 | D:5      | Mangled by an ogre

Vault maps used:
D:1:      mrwooster_arrival_statue
D:2:      lemuel_crystal_altar
D:3:      zin_angel
D:4:      minmay_wonky_spiral, serial_shops, kennysheep_little_box, shop,
          first_ration
D:5:      kennysheep_mini_moat, kiku_gazebo_pond_becter,
          ebering_ghost_rock_garden

Skill      XL: |  1  2  3  4  5  6  7 |
---------------+----------------------+-----
Fighting       | 4 5 |  5.7
Axes           | 3 4 5 6 |  6.3
Armour         | 4 5 |  5.6
Shields        | 4 5 6 |  6.9

Action                   |  1- 3 |  4- 6 |  7- 9 || total
-------------------------+-------+-------+-------++-------
Melee: War axe           |    52 |   111 |    52 ||   215
       Headbutt          |     7 |    25 |    10 ||    42
Throw: Tomahawk          |     4 |       |       ||     4
  Use: Scroll            |       |     8 |     1 ||     9
  Eat: Chunk             |     1 |     6 |     4 ||    11
Armor: Scale mail        |    34 |    36 |       ||    70
       Plate armour      |       |       |    21 ||    21
Dodge: Dodged            |    21 |    34 |    12 ||    67
Block: Shield            |    24 |    70 |       ||    94
       Large shield      |       |     2 |    53 ||    55

Table legend:
 A = Spawn XP
 B = Non-spawn XP
 C = Spawn XP percentage of total XP
 D = Spawn monster count
 E = Non-spawn monster count
 F = Spawn count percentage of total count
 G = Total turns spent on level
                    A         B        C        D         E        F      G
               +---------+---------+-------+---------+---------+-------+---------
         Total |       0 |    1208 |   0.0 |       0 |      85 |   0.0 |  4265
               +---------+---------+-------+---------+---------+-------+---------
           D:1 |       0 |      22 |   0.0 |       0 |      12 |   0.0 |   389
           D:2 |       0 |      67 |   0.0 |       0 |      12 |   0.0 |   808
           D:3 |       0 |     287 |   0.0 |       0 |      29 |   0.0 |  1431
           D:4 |       0 |     736 |   0.0 |       0 |      28 |   0.0 |  1504
           D:5 |       0 |      96 |   0.0 |       0 |       4 |   0.0 |   133
               +---------+---------+-------+---------+---------+-------+---------
